 Dungeon Sprint DCSS version 0.32-a0-779-g362cfcae2a (webtiles) character file.

Game seed: 3979055016307781244

19532 rocky1 the Fencer (level 12, -29/103 HPs)
             Began as a Coglin Gladiator on Mar 19, 2024.
             Was the Champion of Cheibriados.
             Killed from afar by a fire dragon (58 damage)
             ... with a blast of flame
             ... in the Dungeon (Sprint IX: "|||||||||||||||||||||||||||||").
             The game lasted 00:17:25 (5677 turns).

rocky1 the Fencer (Coglin Gladiator)                Turns: 5677, Time: 00:17:26

Health: -29/103    AC: 21    Str: 29    XL:     12   Next: 70%
Magic:  6/19       EV: 24    Int: 24    God:    Cheibriados [******]
Gold:   279        SH:  0    Dex: 35    Spells: 11/11 levels left

rFire   . . .        u - +2 scimitar (holy) {Chiraphon}
rCold   . . .        v - +2 morningstar (protect) {Aida}
rNeg    . . .        q - +1 scale mail
rPois   .            c - +0 helmet
rElec   .            w - +0 cloak
rCorr   .            (no gloves)
SInv    .            p - +0 pair of boots
Will    .....        (amulet unavailable)
Stlth   +            (ring unavailable)
HPRegen 0.37/turn    (ring unavailable)
MPRegen 0.16/turn    (no gizmo)

%: no teleportation
@: under a protective aura, revved, very slow
A: off-hand wielding, slow wielding, warmup strikes, no jewellery
a: Invent Gizmo, Renounce Religion, Bend Time, Temporal Distortion, Slouch, Step
From Time


You were in the Dungeon.
You worshipped Cheibriados.
Cheibriados was exalted by your worship.
You visited 1 branch You collected 1919 gold pieces.
You spent 1640 gold pieces at shops.

Inventory:

Hand Weapons
 a - a +0 long sword {Enrique}
 t - a +0 flail {Khabaw}
 u - a +2 scimitar of holy wrath (weapon) {Chiraphon}
 v - a +2 morningstar of protection (offhand) {Aida}
 x - a +4 demon trident
Missiles
 d - 3 throwing nets (quivered)
 e - 6 javelins
Armour
 b - a +0 leather armour
 c - a +0 helmet (worn)
 p - a +0 pair of boots (worn)
 q - a +1 scale mail (worn)
 w - a +0 cloak (worn)
Wands
 o - a wand of iceblast (10)
Scrolls
 h - 4 scrolls of enchant weapon
 i - 7 scrolls of enchant armour
 n - 2 scrolls of amnesia
 r - a scroll of fog
 s - 3 scrolls of identify
 y - a scroll of blinking
Potions
 f - a potion of brilliance
 g - 6 potions of curing
 j - 2 potions of magic
 k - 2 potions of berserk rage
 l - 2 potions of might
 m - 13 potions of heal wounds
 z - 2 potions of invisibility
 A - a potion of mutation


   Skills:
 + Level 12.8 Fighting
 - Level 2.6(11.0) Short Blades
 * Level 17.6(17.7) Long Blades
 * Level 10.5 Maces & Flails
 - Level 2.9 Throwing
 + Level 11.3 Armour
 + Level 12.4 Dodging
 - Level 0.1 Stealth
 * Level 10.5 Invocations


You had 11 spell levels left.
You didn't know any spells.
Your spell library contained the following spells:

 Spells                   Type           Power      Damage    Failure   Level
 Inner Flame              Hex/Fire       0%         N/A       61%         3
 Irradiate                Conj/Alch      0%         3d11      100%        5
 Haunt                    Necr/Summ      0%         N/A       100%        7
 Borgnjor's Revivificati  Necr           0%         N/A       100%        8
 Ignition                 Fire           0%         3d3       100%        8
 Death's Door             Necr           0%         N/A       100%        9


Dungeon Overview and Level Annotations

Branches:
Dungeon (1/1)

Altars:
Cheibriados
Dithmenos
Elyvilon
Fedhas
Gozag
Hepliaklqana
Kikubaaqudgha
Makhleb
Nemelex Xobeh
Okawaru
Qazlal
Ru
Sif Muna
Trog
Uskayaw
Vehumet
Wu Jian
Xom
Yredelemnul
Zin
The Shining One
Beogh
Jiyva
Lugonu

Shops:
D *!?:


Innate Abilities, Weirdness & Mutations

You can wield a second weapon in your off-hand.
It takes a long time for you to wield or remove held weapons.
Your first few attacks do less damage.
You cannot equip rings or amulets.


Message History

* * * LOW HITPOINT WARNING * * *
Your Maces & Flails skill increases to level 10!
Activating: Slouch (1% risk of failure)
Press: ? - help, Dir - look around, f - activate You can feel time thicken for a moment.
Unknown command.
You feel much better.
The spriggan air mage waves its arms in wide circles.
The air twists around and strikes you.
You bludgeon the stone giant with your +2 morningstar of protection!!
The stone giant is severely wounded.
You hit the stone giant but do no damage.
The spriggan air mage waves its arms in wide circles.
The air twists around and strikes you.
You hit the stone giant with your +2 morningstar of protection.
The stone giant is severely wounded.
You slice the stone giant with your +2 scimitar of holy wrath!!
You slash the stone giant with your +2 scimitar of holy wrath!
You kill the stone giant!
Cheibriados appreciates the change of pace.
The spriggan air mage waves its arms in wide circles.
The air twists around and strikes you. The fire dragon breathes flames at you.
The blast of flame hits you!
* * * LOW HITPOINT WARNING * * *
Okay, then.
Activating: Slouch (1% risk of failure)
Press: ? - help, Dir - look around, f - activate You can feel time thicken for a moment.
You kill the spriggan air mage!
Cheibriados appreciates the change of pace.
Unknown command.
You slice the fire dragon with your +2 scimitar of holy wrath!!
The fire dragon is almost dead.
You barely miss the fire dragon with your +2 morningstar of protection.
The fire dragon breathes flames at you. The blast of flame hits you!!!
Ouch! That really hurt!
You die...
Cheibriados appreciates the motionlessness of death.

▓▓▓▓▓▓▓▓▓▓▓▓▓▓▓▓▓▓▓▓▓▓▓▓
....R.D@†)........!.[[[[
▓▓▓▓▓▓▓▓▓▓▓▓▓▓▓▓▓▓▓▓▓▓▓▓▓▓▓▓▓▓▓▓▓
.................................
▓▓▓▓▓▓▓▓▓▓▓▓▓▓▓▓▓▓▓▓▓▓▓▓▓▓▓▓▓▓▓▓▓
..')....∩.∩.∩)∩)))))'....)).)).))
▓▓▓▓▓▓▓▓▓▓▓▓▓▓▓▓▓▓▓▓▓▓▓▓▓▓▓▓▓▓▓▓▓
......[).........................
▓▓▓▓▓▓▓▓▓▓▓▓▓▓▓▓▓▓▓▓▓▓▓▓▓▓▓▓▓▓▓▓▓
[.[[..'...)......†.'.........'†..


You could see a fire dragon (catching breath) and a rakshasa.

Vanquished Creatures
  A sphinx (D)
  A stone giant (D)
  A very ugly thing (D)
  2 hydras (D)
  A centaur warrior (D)
  A spriggan air mage (D)
  2 boulder beetles (D)
  A spriggan berserker (D)
  Urug (D)
  An orc high priest (D)
  A skyshark (D)
  An orc knight (D)
  A deep elf pyromancer (D)
  A manticore (D)
  An ugly thing (D)
  6 orc sorcerers (D)
  2 elephants (D)
  3 cane toads (D)
  An unseen horror (D)
  A yaktaur (D)
  3 polar bears (D)
  A blink frog (D)
  A shadow (D)
  A yak (D)
  2 basilisks (D)
  A vampire (D)
  Eustachio (D)
  A wyvern (D)
  A vampire mosquito (D)
  2 water moccasins (D)
  12 orc warriors (D)
  6 black bears (D)
  A laughing skull (D)
  A tengu (shapeshifter) (D)
  A centaur (D)
  2 bullfrogs (D)
  2 killer bees (D)
  A howler monkey (D)
  2 hounds (D)
  4 orc priests (D)
  11 orc wizards (D)
  A hell rat (D)
  An adder (D)
  A dart slug (D)
  6 orcs (D)
  A hobgoblin (D)
  A kobold (D)
  A bat (D)
  A frilled lizard (D)
100 creatures vanquished.

Vanquished Creatures (others)
  A manticore (D)
1 creature vanquished.

Grand Total: 101 creatures vanquished

Notes
Turn   | Place    | Note
-------+----------+-------------------------------------------
     0 | D        | rocky1 the Coglin Gladiator began the quest for the Orb.
     0 | D        | Reached XP level 1. HP: 16/16 MP: 1/1
    17 | D        | Reached XP level 2. HP: 23/23 MP: 2/2
    21 | D        | Noticed a howler monkey
    30 | D        | Reached skill level 1 in Short Blades
    30 | D        | Reached skill level 5 in Long Blades
    30 | D        | Reached XP level 3. HP: 16/29 MP: 3/3
    35 | D        | Reached XP level 4. HP: 35/35 MP: 4/4
    38 | D        | Reached skill level 1 in Armour
    38 | D        | Reached skill level 5 in Dodging
    45 | D        | Reached skill level 6 in Long Blades
    45 | D        | Reached XP level 5. HP: 18/42 MP: 5/5
    51 | D        | Found a roughly hewn altar of Beogh.
    51 | D        | Found a snail-covered altar of Cheibriados.
    51 | D        | Found a shadowy altar of Dithmenos.
    51 | D        | Found a white marble altar of Elyvilon.
    51 | D        | Found a blossoming altar of Fedhas.
    51 | D        | Found an opulent altar of Gozag.
    52 | D        | Found a hazy altar of Hepliaklqana.
    53 | D        | Found a viscous altar of Jiyva.
    54 | D        | Found an ancient bone altar of Kikubaaqudgha.
    55 | D        | Became a worshipper of Cheibriados the Contemplative
    56 | D        | Found a corrupted altar of Lugonu.
    57 | D        | Found a burning altar of Makhleb.
    58 | D        | Found a sparkling altar of Nemelex Xobeh.
    59 | D        | Found an iron altar of Okawaru.
    60 | D        | Found a stormy altar of Qazlal.
    61 | D        | Found a sacrificial altar of Ru.
    62 | D        | Found a shimmering blue altar of Sif Muna.
    63 | D        | Found a bloodstained altar of Trog.
    64 | D        | Found a hide-covered altar of Uskayaw.
    65 | D        | Found a radiant altar of Vehumet.
    66 | D        | Found an ornate altar of the Wu Jian Council.
    67 | D        | Found a shimmering altar of Xom.
    68 | D        | Found a basalt altar of Yredelemnul.
    69 | D        | Found a glowing silver altar of Zin.
    70 | D        | Found a glowing golden altar of the Shining One.
   798 | D        | Noticed an orc warrior
   798 | D        | Noticed a shadow
   798 | D        | Noticed a centaur
   804 | D        | Killed a centaur
   805 | D        | Reached skill level 7 in Long Blades
   811 | D        | Reached * piety under Cheibriados
   812 | D        | Reached XP level 6. HP: 29/49 MP: 6/6
   815 | D        | Reached ** piety under Cheibriados
   816 | D        | Reached skill level 5 in Fighting
   816 | D        | Reached skill level 8 in Long Blades
   818 | D        | Killed a shadow
   819 | D        | Reached skill level 9 in Long Blades
   819 | D        | Reached XP level 7. HP: 26/57 MP: 7/7
   822 | D        | Reached skill level 5 in Armour
   830 | D        | Reached *** piety under Cheibriados
  1660 | D        | Noticed a vampire mosquito
  1660 | D        | Noticed a vampire
  1660 | D        | Noticed a centaur warrior
  1660 | D        | Noticed a basilisk
  1660 | D        | Noticed a manticore
  1664 | D        | Killed a manticore
  1665 | D        | Reached skill level 10 in Long Blades
  1665 | D        | Reached XP level 8. HP: 59/67 MP: 8/8
  1691 | D        | Killed a centaur warrior
  1692 | D        | Reached skill level 12 in Long Blades
  1707 | D        | Killed a vampire
  1708 | D        | Reached XP level 9. HP: 22/75 MP: 9/9
  1711 | D        | Killed an unseen horror
  1711 | D        | Reached **** piety under Cheibriados
  1712 | D        | Reached skill level 13 in Long Blades
  1713 | D        | Reached ***** piety under Cheibriados
  2612 | D        | Noticed an elephant
  2612 | D        | Noticed an elephant
  2626 | D        | Killed an elephant
  2636 | D        | Killed an elephant
  2637 | D        | Reached skill level 10 in Dodging
  2640 | D        | Reached ****** piety under Cheibriados
  2644 | D        | Noticed a four-headed hydra
  2645 | D        | Reached skill level 14 in Long Blades
  2645 | D        | Reached XP level 10. HP: 61/85 MP: 10/12
  3182 | D        | Killed a four-headed hydra
  3183 | D        | Reached skill level 10 in Fighting
  3209 | D        | Noticed a boulder beetle
  3209 | D        | Noticed a cane toad
  3209 | D        | Noticed a boulder beetle
  3211 | D        | Noticed a skyshark
  3228 | D        | Killed a boulder beetle
  3229 | D        | Reached skill level 5 in Invocations
  3231 | D        | Killed a cane toad
  3235 | D        | Killed a skyshark
  3235 | D        | Killed a boulder beetle
  3236 | D        | Reached skill level 15 in Long Blades
  3236 | D        | Reached skill level 5 in Maces & Flails
  3968 | D        | Noticed a cane toad
  3972 | D        | Killed a cane toad
  3973 | D        | Reached XP level 11. HP: 92/92 MP: 15/15
  4159 | D        | Noticed Urug
  4163 | D        | Noticed Eustachio
  4168 | D        | Killed Urug
  4172 | D        | Killed Eustachio
  4270 | D        | Reached skill level 10 in Armour
  4317 | D        | Noticed an orc high priest
  4319 | D        | Noticed an orc knight
  4327 | D        | Noticed a soul eater
  4336 | D        | Killed an orc high priest
  4337 | D        | Reached skill level 16 in Long Blades
  4341 | D        | Killed an orc knight
  4694 | D        | Found Wistygg Puri's Book Boutique.
  4694 | D        | Noticed an orc sorcerer
  4694 | D        | Noticed an orc sorcerer
  4694 | D        | Noticed an orc sorcerer
  4697 | D        | Killed an orc sorcerer
  4698 | D        | Noticed an orc sorcerer
  4700 | D        | Killed an orc sorcerer
  4702 | D        | Killed an orc sorcerer
  4703 | D        | Found Beiseg's Magic Scroll Shop.
  4704 | D        | Killed an orc sorcerer
  4707 | D        | Found Irahaid's Distillery.
  4712 | D        | Found Iveemyzo's General Store.
  4718 | D        | Noticed an orc sorcerer
  4719 | D        | Noticed a sixfirhy
  4719 | D        | Noticed an orc sorcerer
  4721 | D        | Noticed a sixfirhy
  4731 | D        | Killed an orc sorcerer
  4732 | D        | Reached XP level 12. HP: 97/102 MP: 0/18
  5457 | D        | Bought a potion of heal wounds for 55 gold pieces
  5457 | D        | Bought a potion of invisibility for 88 gold pieces
  5457 | D        | Bought a potion of invisibility for 88 gold pieces
  5457 | D        | Bought a potion of mutation for 88 gold pieces
  5457 | D        | Bought a potion of berserk rage for 55 gold pieces
  5457 | D        | Bought a potion of might for 44 gold pieces
  5460 | D        | Bought a scroll of blinking for 105 gold pieces
  5462 | D        | Bought a scroll of enchant armour for 105 gold pieces
  5464 | D        | Bought a Necronomicon for 594 gold pieces
  5464 | D        | Bought a book of Spontaneous Combustion for 418 gold pieces
  5634 | D        | Noticed a four-headed hydra
  5642 | D        | Noticed a cyan very ugly thing
  5650 | D        | Noticed a spriggan berserker
  5659 | D        | Killed a cyan very ugly thing
  5660 | D        | Reached skill level 17 in Long Blades
  5660 | D        | Killed an eight-headed hydra
  5661 | D        | Noticed a sphinx
  5662 | D        | Noticed a fire dragon
  5662 | D        | Noticed a stone giant
  5665 | D        | Killed a spriggan berserker
  5665 | D        | Noticed a rakshasa
  5666 | D        | Reached skill level 10 in Invocations
  5669 | D        | Noticed a spriggan air mage
  5670 | D        | Killed a sphinx
  5671 | D        | Reached skill level 10 in Maces & Flails
  5675 | D        | Killed a stone giant
  5676 | D        | Killed a spriggan air mage
  5677 | D        | Killed from afar by a fire dragon

Illustrated notes

Levels and vault maps discovered:
D:        linesprint [early_d, line_temple, items_1, d_10, items_2, lair_1,
          lair_end, items_3, orc_1, orc_end, items_4, d_15, swamp_1, shoals_1,
          snake_1, spider_1, d_20, vaults_1, items_5, swamp_end, shoals_end,
          snake_end, spider_end, vaults_end, d_27, items_6, zot_1, zot_end,
          crypt_end, forest_end, elf_end, slime_end, tomb_end, abyss_end,
          pan_hell_end]

Skill      XL: |  1  2  3  4  5  6  7  8  9 10 11 12 |
---------------+-------------------------------------+-----
Dodging        | 3 4 5 6 7 8 9 10 11 12 | 12.4
Throwing       | 2 |  2.9
Fighting       | 3 4 5 7 8 9 10 11 12 | 12.8
Short Blades   | 1 2 |  2.6
Long Blades    | 5 6 7 9 10 12 14 15 16 17 | 17.6
Armour         | 1 3 4 6 7 8 9 10 11 | 11.3
Invocations    | 3 6 9 10 | 10.5
Maces & Flails | 5 8 10 | 10.5
Stealth        | |  0.1

Action                     |  1- 3 |  4- 6 |  7- 9 | 10-12 || total
---------------------------+-------+-------+-------+-------++-------
  Melee: Long sword        |    22 |    26 |    55 |       ||   103
         Dagger            |    20 |     9 |       |       ||    29
         Scimitar          |       |    17 |    51 |   105 ||   173
         Morningstar       |       |       |       |   126 ||   126
         Flail             |       |       |       |    26 ||    26
 Invoke: Slouch            |       |       |       |    17 ||    17
         Bend Time         |       |       |       |     1 ||     1
    Use: Potion            |     1 |     2 |     1 |     5 ||     9
         Scroll            |       |       |       |     2 ||     2
   Stab: Invisible         |       |       |     5 |       ||     5
         Petrified         |       |       |     2 |       ||     2
         Petrifying        |       |       |     1 |       ||     1
 Armour: Leather armour    |    15 |     5 |       |       ||    20
         Scale mail        |       |    26 |    57 |   100 ||   183
  Dodge: Dodged            |    14 |    16 |    43 |   114 ||   187

Table legend: (Time is in decaauts)
 A = Elapsed time spent in this place.
 B = Non-inter-level travel time spent in this place.
 C = Inter-level travel time spent in this place.
 D = Time resting spent in this place.
 E = Time spent auto-exploring this place.
 F = Levels seen in this place.
 G = Mean time per level.
                   A        B        C        D        E       F      G
               +--------+--------+--------+--------+--------+-----+--------+
         Total |   6818 |   6280 |    538 |   3970 |      0 |   1 | 6818.0 |
       Dungeon |   6818 |   6280 |    538 |   3970 |      0 |   1 | 6818.0 |
               +--------+--------+--------+--------+--------+-----+--------+

Top non-repeatable levels by time:
       D: 6818 daAuts
